 Dungeon Crawl Stone Soup version 0.20.1-1-g8b1a95d (webtiles) character file.

1637 polly the Cudgeler (level 8, -6/48 HPs)
             Began as a Gargoyle Gladiator on Dec 14, 2017.
             Was a Follower of Okawaru.
             Mangled by a gnoll sergeant
             ... wielding a +2 trident of piercing
              (11 damage)
             ... on level 6 of the Dungeon.
             The game lasted 00:08:48 (5516 turns).

polly the Cudgeler (Gargoyle Gladiator)             Turns: 5516, Time: 00:08:49

Health: -6/48      AC: 11    Str: 18    XL:     8   Next: 98%
Magic:  0/8        EV: 14    Int: 16    God:    Okawaru [*.....]
Gold:   153        SH:  0    Dex: 13    Spells: 7/7 levels left

rFire    . . .     SeeInvis .   q - +0 whip
rCold    . . .     Gourm    .   (no shield)
rNeg     + . .     Faith    .   b - +0 leather armour
rPois    ∞         Spirit   +   (helmet restricted)
rElec    +         Reflect  .   (no cloak)
rCorr    .         Harm     .   t - +0 pair of gloves
MR       .....                  (no boots)
Stlth    ++........             E - amulet of guardian spirit
Regen    0.2/turn               l - +5 ring of intelligence
MPRegen  0.2/turn               r - +2 ring of intelligence

@: no status effects
A: horns 1, yellow scales 1, negative energy resistance 1, electricity
resistance, unbreathing, petrification resistance, no potion heal 1, rot
immunity, AC +5
a: Heroism, Renounce Religion


You were on level 6 of the Dungeon.
You worshipped Okawaru.
Okawaru was aware of your devotion.
You were hungry.

You visited 2 branches of the dungeon, and saw 7 of its levels.

You collected 153 gold pieces.

Inventory:

Hand Weapons
 q - a +0 whip (weapon)
Missiles
 d - 2 throwing nets (quivered)
 h - 4 javelins
Armour
 b - a +0 leather armour (worn)
 c - a +0 helmet
 t - a +0 pair of gloves (worn)
 B - a cursed +0 helmet
Jewellery
 l - a +5 ring of intelligence (left hand)
 n - an uncursed ring of positive energy
 o - an uncursed amulet of rage
 r - a +2 ring of intelligence (right hand)
 E - an amulet of guardian spirit (around neck)
Wands
 C - a wand of flame (14/48)
Scrolls
 e - 2 scrolls of enchant armour {unknown}
 i - 4 scrolls of identify {unknown}
 k - a scroll of fear {unknown}
 m - 3 scrolls of teleportation {unknown}
 p - a scroll of noise {unknown}
 s - a scroll of immolation {unknown}
 v - a scroll of recharging {unknown}
 w - a scroll of amnesia {unknown}
 x - a scroll of remove curse {unknown}
 y - a scroll of fog {unknown}
Potions
 a - a potion of brilliance
Books
 A - a book of Misfortune

   Spells                             Type                      Level
   a - Confusing Touch                Hexes                        1
   b - Confuse                        Hexes                        3
   c - Gell's Gravitas                Translocation                3
   d - Petrify                        Transmutation/Earth          4
   e - Metabolic Englaciation         Hexes/Ice                    5
   f - Yara's Violent Unravelling     Hexes/Transmutation          5
Comestibles
 f - 5 bread rations
 g - 2 fruits
 j - a royal jelly
 u - a meat ration


   Skills:
 + Level 4.8 Fighting
 + Level 7.9 Maces & Flails
 + Level 1.9 Throwing
 + Level 4.0 Armour
 + Level 5.4 Dodging
 + Level 1.4 Stealth


You had 7 spell levels left.
You didn't know any spells.

Dungeon Overview and Level Annotations

Branches:
Dungeon (6/15)             Temple (1/1) D:5

Altars:
Ashenzari
Elyvilon
Fedhas
Gozag
Hepliaklqana
Kikubaaqudgha
Makhleb
Nemelex Xobeh
Okawaru
Qazlal
Ru
Sif Muna
Uskayaw
Vehumet
Xom
Zin
The Shining One


Innate Abilities, Weirdness & Mutations

You are resistant to torment.
Your stone body is resilient. (AC +5)
You are immune to poison.
You resist negative energy. (rN+)
You are resistant to electric shocks. (rElec)
You can survive without breathing.
You are immune to petrification.
You are immune to rotting.
You have a pair of small horns on your head.
You are partially covered in yellow scales. (AC +2)
Potions are less effective at restoring your health.


Message History

The gnoll sergeant is moderately wounded.
You hit the gnoll sergeant. The gnoll sergeant blocks your attack.
The gnoll sergeant is moderately wounded.
The gnoll sergeant hits you but does no damage.
You hit the gnoll sergeant but do no damage.
The gnoll sergeant is moderately wounded.
You barely miss the gnoll sergeant.
The gnoll sergeant is moderately wounded.
The gnoll sergeant hits you with a trident of piercing.
* * * LOW HITPOINT WARNING * * *
x2 You hit the gnoll sergeant but do no damage.
You headbutt the gnoll sergeant!
The gnoll sergeant is heavily wounded.
The gnoll sergeant misses you.
You completely miss the gnoll sergeant.
The gnoll sergeant is heavily wounded.
You hit the gnoll sergeant but do no damage.
The gnoll sergeant is heavily wounded.
The gnoll sergeant hits you with a trident of piercing!
You die...

##....##.# ... .#
#..##.##..######.### .#
##.###.###.#........#..#
###..# #.# #.#............
###...## #.###..........h#
###...### #...##..........##
#...#### ###....#...........
##.....#########............##
#####......)@g...........###
############............
#>........### ##.....#....
#.....#.#### #.....#.# #..####
##


You could see a gnoll sergeant.

Vanquished Creatures
  Sigmund (D:3)
  3 sky beasts (D:5)
  An ice beast (Temple)
  2 phantoms
  2 ogres
  A scorpion (D:4)
  A jelly (D:5)
  A howler monkey (D:6)
  A crimson imp (D:5)
  5 orc wizards
  4 hounds
  An iguana (D:5)
  A gnoll shaman (D:5)
  2 worker ants
  A hound zombie (D:4)
  12 gnolls
  A howler monkey skeleton (D:3)
  4 adders
  An ooze (D:1)
  4 worms
  2 leopard geckos
  10 orcs
  4 bats
  2 giant cockroaches
  3 hobgoblins
  5 jackals
  6 kobolds
  4 quokkas
  4 goblins
  4 rats
93 creatures vanquished.

Notes
Turn   | Place    | Note
-------+----------+-------------------------------------------
     0 | D:1      | polly the Gargoyle Gladiator began the quest for the Orb.
     0 | D:1      | Reached XP level 1. HP: 12/12 MP: 1/1
   200 | D:1      | Reached XP level 2. HP: 14/17 MP: 2/2
   669 | D:2      | Reached XP level 3. HP: 21/22 MP: 3/3
   715 | D:2      | Found a hazy altar of Hepliaklqana.
   778 | D:2      | Reached skill level 1 in Armour
   843 | D:2      | You fall through a shaft!
  1237 | D:3      | Reached skill level 4 in Maces & Flails
  1237 | D:3      | Reached XP level 4. HP: 18/27 MP: 4/4
  1314 | D:3      | Noticed Sigmund
  1335 | D:3      | HP: 1/27 [Sigmund/scythe (12)]
  1336 | D:3      | Killed Sigmund
  1336 | D:3      | Reached XP level 5. HP: 1/32 MP: 5/5
  1336 | D:3      | Reached XP level 6. HP: 2/37 MP: 6/6
  1721 | D:4      | Reached skill level 5 in Maces & Flails
  2226 | D:4      | Noticed a phantom
  2280 | D:4      | Killed a phantom
  2280 | D:4      | Reached XP level 7. HP: 29/42 MP: 7/7
  2913 | D:4      | Reached skill level 6 in Maces & Flails
  3087 | D:5      | Entered Level 5 of the Dungeon
  3132 | D:5      | Reached skill level 1 in Stealth
  3659 | D:5      | Reached XP level 8. HP: 48/48 MP: 8/8
  3672 | D:5      | Found a staircase to the Ecumenical Temple.
  3689 | Temple   | Entered the Ecumenical Temple
  3879 | Temple   | Became a worshipper of Warmaster Okawaru
  4041 | D:5      | HP: 2/48 [gnoll/spear (3)]
  4463 | D:5      | Reached skill level 7 in Maces & Flails
  4604 | D:5      | Gained mutation: You are partially covered in yellow scales. (AC +2) [mutagenic meat]
  4605 | D:5      | Gained mutation: You have a pair of small horns on your head. [mutagenic meat]
  4606 | D:5      | Gained mutation: Potions are less effective at restoring your health. [mutagenic meat]
  4874 | D:5      | Reached skill level 5 in Dodging
  5426 | D:6      | Reached * piety under Okawaru
  5516 | D:6      | Mangled by a gnoll sergeant

Skill      XL: |  1  2  3  4  5  6  7  8 |
---------------+-------------------------+-----
Armour         | 1 2 3 4 |  4.0
Maces & Flails | 4 5 6 7 |  7.9
Fighting       | 3 4 |  4.8
Dodging        | 3 4 5 |  5.4
Stealth        | 1 |  1.4
Throwing       | |  1.9

Action                   |  1- 3 |  4- 6 |  7- 9 || total
-------------------------+-------+-------+-------++-------
Melee: Flail             |   104 |       |       ||   104
       Whip              |    38 |   158 |   557 ||   753
       Headbutt          |       |       |    30 ||    30
Throw: Throwing net      |       |       |     3 ||     3
  Use: Potion            |       |     4 |     4 ||     8
       Scroll            |       |       |     2 ||     2
 Stab: Held in net/web   |       |       |     1 ||     1
  Eat: Chunk             |       |     4 |    10 ||    14
       Royal jelly       |       |       |     2 ||     2
Armor: Leather armour    |    68 |    54 |   222 ||   344
Dodge: Dodged            |   123 |    80 |   359 ||   562
